 Dungeon Sprint DCSS version 0.26-a0-658-gbdda728c12 (webtiles) character file.

Game seed: 9105293831157097634

6185 Baz the Grappler (level 10, -14/172 HPs)
             Began as a Troll Berserker on Oct 5, 2020.
             Was a High Priest of Trog.
             Demolished by a spriggan rider (18 damage)
             ... in the Dungeon (Sprint IV: "Fedhas' Mad Dash").
             The game lasted 00:06:12 (1235 turns).

Baz the Grappler (Troll Berserker)                  Turns: 1235, Time: 00:06:12

Health: -14/172    AC:  9    Str: 27    XL:     10   Next: 60%
Magic:  9/9        EV: 16    Int:  3    God:    Trog [*****.]
Gold:   3          SH:  0    Dex: 12    Spells: 9/9 levels left

rFire    . . .     SeeInvis .     - Unarmed
rCold    . . .     Faith    .   (no shield)
rNeg     . . .     Spirit   .   a - +0 animal skin
rPois    .         Reflect  .   (helmet restricted)
rElec    .         Harm     .   n - +2 cloak {rCorr}
rCorr    +         Rampage  .   (gloves unavailable)
MR       ++...     NoTele   +   (boots unavailable)
Stlth    ..........             h - amulet of invisibility {+Inv}
HPRegen  1.78/turn              (no ring)
MPRegen  0.11/turn              (no ring)

@: berserking, regenerating, very quick
A: large, unfitting armour, claws 3, regeneration 1, shaggy fur 1, tough skin 3
a: Berserk, Trog's Hand, Brothers in Arms, Renounce Religion, Evoke Invisibility


You were in the Dungeon.
You worshipped Trog.
Trog was extremely pleased with you.
You visited 1 branch You collected 218 gold pieces.
You spent 215 gold pieces at shops.

Inventory:

Hand Weapons
 k - the +5 giant club of Gikicusu {flame, rElec MR- Int+6}
   (Trog gifted it to you in the Dungeon)

   It has been specially enchanted to burn those struck by it, causing extra
   injury to most foes and up to half again as much damage against particularly
   susceptible opponents.
   It affects your intelligence (+6).
   It insulates you from electricity.
   It affects your resistance to hostile enchantments.
Armour
 a - a +0 animal skin (worn)
 n - a +2 cloak of preservation (worn)
Jewellery
 h - the amulet of invisibility (around neck) {+Inv}
   (You found it in the Dungeon)

   [amulet of nothing]

   It lets you turn invisible.
Scrolls
 g - a scroll of blinking
 i - a scroll of remove curse {unknown}
 l - a scroll of fog {unknown}
 m - 2 scrolls of identify
Potions
 b - 2 potions of curing
 d - a potion of haste
 e - 2 potions of magic
 f - a potion of berserk rage
Miscellaneous
 j - a phantom mirror


   Skills:
 + Level 12.2 Fighting
 + Level 12.2 Dodging
 + Level 14.2 Unarmed Combat
 + Level 4.7 Evocations


You had 9 spell levels left.
You didn't know any spells.
Your spell library was empty.

Dungeon Overview and Level Annotations

Branches:
Dungeon (1/1)

Altars:
Cheibriados
Dithmenos
Elyvilon
Gozag
Hepliaklqana
Kikubaaqudgha
Makhleb
Nemelex Xobeh
Okawaru
Qazlal
Ru
Sif Muna
Trog
Uskayaw
Vehumet
Wu Jian
Xom
Yredelemnul
Zin
The Shining One
Beogh
Jiyva
Lugonu

Shops:
D **[[([(


Innate Abilities, Weirdness & Mutations

You are too large for most types of armour.
You have claws for hands.
Your natural rate of healing is unusually fast.
You are covered in fur. (AC +1)
You have extremely tough skin. (AC +3)


Message History

You feel yourself moving faster!
You feel mighty! The spriggan rider hits you!
* * * LOW HITPOINT WARNING * * *
You barely miss the spriggan rider.
Unknown command.
You mangle the spriggan rider!!
The spriggan rider is moderately wounded.
The spriggan rider hits you but does no damage.
Unknown command.
You barely miss the spriggan rider.
The spriggan rider is moderately wounded.
You miss the spriggan rider. Your claw misses the spriggan rider.
The spriggan rider is moderately wounded.
The spriggan rider hits you!
* * * LOW HITPOINT WARNING * * *
You miss the spriggan rider.
The spriggan rider is moderately wounded.
You claw the spriggan rider!
The spriggan rider is heavily wounded.
The spriggan rider hits you!!
You die...

#################################
.#.⌠._._._._.⌠.#.))...#....##∩##)
.'.._._._._._..'..#...#....').##'
.#..._._._._...#..###'##..(##∩#..
##.._._._._._..#.(##∩∩.'...#####.
.#._._._._._.⌠.#################.
.###################......###....
##♣♣♣♣♣..♣.###.'.('......)†.)...♣
'......♣.)♣##:.#@)#.P.....#######
#♣..♣♣♣.♣..###.##i##.P....#
#.♣♣.(♣...♣'...#♣.♣########
##**############(....#***
,,,.,,,* ###.)♣..♣....#**
,,,..P.#####...♣......♣..,****
,,,.iP....i(....♣.....∩.∩,,,,*
,,,..P...################*****
***#####** ******* *******


You could see a spriggan rider.

Vanquished Creatures
  A spriggan druid (D)
  4 oklob plants (D)
  A demonic crawler (D)
  3 burning bushes (D)
  3 wandering mushrooms (D)
  2 scorpions (D)
  2 killer bees (D)
  5 oklob saplings (D)
  A worker ant (D)
  3 spriggans (D)
  A river rat (D)
  A rat (D)
  A ballistomycete spore (D)
28 creatures vanquished.

Vanquished Creatures (collateral kills)
  Agnes (D)
  A spriggan berserker (D)
  2 spriggans (D)
  2 oklob plants (D)
  A queen bee (D)
  A hornet (D)
  2 killer bees (D)
10 creatures vanquished.

Vanquished Creatures (others)
  A bush (D)
1 creature vanquished.

Grand Total: 39 creatures vanquished

Notes
Turn   | Place    | Note
-------+----------+-------------------------------------------
     0 | D        | Baz the Troll Berserker began the quest for the Orb.
     0 | D        | Reached XP level 1. HP: 22/22 MP: 0/0
     8 | D        | Reached XP level 2. HP: 23/31 MP: 1/1
    31 | D        | Noticed an oklob sapling
    33 | D        | Killed an oklob sapling
    33 | D        | Reached ** piety under Trog
    33 | D        | Reached skill level 4 in Unarmed Combat
    33 | D        | Reached XP level 3. HP: 39/39 MP: 2/2
    36 | D        | Found the amulet of invisibility {+Inv}
    38 | D        | Reached skill level 5 in Unarmed Combat
    73 | D        | Noticed an oklob sapling
    76 | D        | Killed an oklob sapling
    76 | D        | Reached XP level 4. HP: 49/49 MP: 0/3
   120 | D        | Found an opulent altar of Gozag.
   120 | D        | Found a hazy altar of Hepliaklqana.
   120 | D        | Found a burning altar of Makhleb.
   120 | D        | Found a roughly hewn altar of Beogh.
   120 | D        | Found a sparkling altar of Nemelex Xobeh.
   120 | D        | Found a snail-covered altar of Cheibriados.
   120 | D        | Found a sacrificial altar of Ru.
   120 | D        | Found a shimmering blue altar of Sif Muna.
   120 | D        | Found a shimmering altar of Xom.
   120 | D        | Found a basalt altar of Yredelemnul.
   124 | D        | Found a viscous altar of Jiyva.
   124 | D        | Found a bloodstained altar of Trog.
   124 | D        | Found an ornate altar of the Wu Jian Council.
   125 | D        | Found an iron altar of Okawaru.
   125 | D        | Found a shadowy altar of Dithmenos.
   125 | D        | Found a glowing silver altar of Zin.
   126 | D        | Found an ancient bone altar of Kikubaaqudgha.
   126 | D        | Found a hide-covered altar of Uskayaw.
   127 | D        | Found a stormy altar of Qazlal.
   127 | D        | Found a white marble altar of Elyvilon.
   127 | D        | Found a glowing golden altar of the Shining One.
   128 | D        | Found a corrupted altar of Lugonu.
   128 | D        | Found a radiant altar of Vehumet.
   133 | D        | Reached skill level 5 in Fighting
   133 | D        | Reached skill level 5 in Dodging
   133 | D        | Reached skill level 6 in Unarmed Combat
   204 | D        | Reached *** piety under Trog
   204 | D        | Reached XP level 5. HP: 59/59 MP: 4/4
   248 | D        | Reached skill level 7 in Unarmed Combat
   256 | D        | Reached **** piety under Trog
   337 | D        | Found Coacreb's General Store.
   337 | D        | Found Manoff's General Store.
   344 | D        | Bought a scroll of identify for 20 gold pieces
   348 | D        | Noticed a burning bush
   348 | D        | Noticed a wandering mushroom
   367 | D        | Noticed a wandering mushroom
   373 | D        | Reached skill level 8 in Unarmed Combat
   373 | D        | Reached XP level 6. HP: 55/68 MP: 5/5
   401 | D        | Killed a wandering mushroom
   545 | D        | Killed a wandering mushroom
   545 | D        | Reached skill level 9 in Unarmed Combat
   545 | D        | Reached XP level 7. HP: 59/79 MP: 6/6
   596 | D        | Killed a burning bush
   596 | D        | Reached skill level 10 in Unarmed Combat
   627 | D        | Found Gamaun's Weapon Emporium.
   627 | D        | Found Tisauzo's Armour Shoppe.
   673 | D        | Noticed a queen bee
   696 | D        | Killed a queen bee
   696 | D        | Reached XP level 8. HP: 34/92 MP: 7/7
   711 | D        | Noticed an oklob plant
   714 | D        | Killed an oklob plant
   714 | D        | Reached ***** piety under Trog
   714 | D        | Reached skill level 11 in Unarmed Combat
   817 | D        | Noticed a burning bush
   823 | D        | Killed a burning bush
   844 | D        | Noticed a burning bush
   844 | D        | Noticed an oklob plant
   845 | D        | Noticed a wandering mushroom
   853 | D        | Killed an oklob plant
   853 | D        | Reached skill level 10 in Fighting
   853 | D        | Reached skill level 10 in Dodging
   859 | D        | Killed a wandering mushroom
   859 | D        | Reached skill level 12 in Unarmed Combat
   859 | D        | Reached XP level 9. HP: 87/102 MP: 6/8
   866 | D        | Killed a burning bush
   936 | D        | Noticed a spriggan druid
   941 | D        | Killed a spriggan druid
   994 | D        | Noticed an oklob plant conjurer
   997 | D        | Killed an oklob plant conjurer
   997 | D        | Received a gift from Trog
   997 | D        | Reached skill level 13 in Unarmed Combat
  1003 | D        | Got a brightly glowing giant club {god gift}
  1004 | D        | Identified the +5 giant club of Gikicusu {flame, rElec MR-
                  | Int+6} (Trog gifted it to you in the Dungeon)
  1033 | D        | Noticed an oklob plant
  1033 | D        | Noticed an oklob plant summoner
  1049 | D        | Noticed an oklob plant shifter
  1056 | D        | Killed an oklob plant
  1056 | D        | Reached skill level 1 in Evocations
  1059 | D        | Killed an oklob plant summoner
  1062 | D        | Killed an oklob plant shifter
  1062 | D        | Reached XP level 10. HP: 70/114 MP: 7/9
  1073 | D        | Received a gift from Trog
  1076 | D        | Noticed a spriggan rider
  1084 | D        | Killed a spriggan rider
  1092 | D        | Found Tyluf's Antique Armour Emporium.
  1094 | D        | Found Omutoum's Antique Weapon Shoppe.
  1149 | D        | Bought an embroidered cloak for 195 gold pieces
  1172 | D        | Noticed Agnes
  1178 | D        | Killed Agnes
  1178 | D        | Reached skill level 14 in Unarmed Combat
  1181 | D        | Found Weesh's Armour Emporium.
  1181 | D        | Noticed a spriggan berserker
  1185 | D        | Killed a spriggan berserker
  1191 | D        | Noticed a spriggan rider
  1233 | D        | HP: 2/172 [spriggan rider (17)]
  1235 | D        | Demolished by a spriggan rider

Illustrated notes

Levels and vault maps discovered:
D:        dungeon_sprint_fedhas [sprint_temple]

Skill      XL: |  1  2  3  4  5  6  7  8  9 10 |
---------------+-------------------------------+-----
Fighting       | 3 4 5 6 7 9 10 11 12 | 12.2
Dodging        | 3 4 5 6 7 9 10 11 12 | 12.2
Unarmed Combat | 4 5 6 8 9 10 12 13 14 | 14.2
Evocations     | 2 4 |  4.7

Action                   |  1- 3 |  4- 6 |  7- 9 | 10-12 || total
-------------------------+-------+-------+-------+-------++-------
Melee: Unarmed           |    10 |    24 |    44 |    14 ||    92
       Punch             |       |     1 |     1 |     1 ||     3
Invok: Berserk           |     1 |     2 |     3 |     1 ||     7
       Brothers in Arms  |       |       |     2 |     1 ||     3
       Trog's Hand       |       |       |     1 |     3 ||     4
 Abil: Evoke Invisibilit |     1 |     1 |     3 |       ||     5
  Use: Scroll            |       |     2 |       |       ||     2
       Potion            |       |       |       |     1 ||     1
 Stab: Invisible         |       |     1 |     8 |       ||     9
Armor: Animal skin       |       |     3 |     8 |     3 ||    14
Dodge: Dodged            |     4 |    10 |    33 |     8 ||    55

Table legend: (Time is in decaauts)
 A = Elapsed time spent in this place.
 B = Non-inter-level travel time spent in this place.
 C = Inter-level travel time spent in this place.
 D = Time resting spent in this place.
 E = Time spent auto-exploring this place.
 F = Levels seen in this place.
 G = Mean time per level.
                   A        B        C        D        E       F      G
               +--------+--------+--------+--------+--------+-----+--------+
         Total |   1269 |   1269 |      0 |    705 |      0 |   1 | 1269.0 |
       Dungeon |   1269 |   1269 |      0 |    705 |      0 |   1 | 1269.0 |
               +--------+--------+--------+--------+--------+-----+--------+

Top non-repeatable levels by time:
       D: 1269 daAuts
